← All builds
Pond / Legion / Economy first / OBSERVED BUILD

Standard pond

Legion Pond build order · Supreme Isthmus

Legion Pond builds its bot lab by 3:45, boosts front and tidals, then adds a shipyard around 8:25 and an advanced metal extractor by 9:11, transitioning into seaplane gunships and other bots to keep helping the front hold until team T2.

#eco #team support · 17 distinct matches · 9 players · 26% of Legion Pond games · team won 65% of 17 · Recently observed

HOW TO PLAY IT

Key timing: Legion Bot Lab by 3:23

  1. Open with a wall of tidals, planning to boost front hard.
  2. Add mex and wind, then build Legion Bot Lab for units.
  3. Keep stacking wind to pay the front's boost needs.
  4. Eat the Legion Bot Lab around 5:12 to fund more units.
  5. Build shipyard and Advanced Metal Extractor, transition into gunships and bots.

Phase by phase

TYPICAL OF ITS 17 GAMES
  1. 1
  2. 2
  3. 3
PLAY THE OPENING

Follow the example game's first 6:00 step by step: what to build now, what comes next, and where it goes. At 1× it keeps pace with your own game.

  1. 1

    Up to the Legion Bot Lab

    Economy
    • Metal Extractor4Mex
    • Tidal Generator8Tidalfor allies
    • Tidal Generator2Tidal
    • Wind Turbine1Wind
    Order
    1. Legion Bot LabLegion Bot Lab after 4 mex, 2 tidal, 1 winddone ~3:20, middle half 3:03–3:29

    Some games also: energy storage (47%)

    By 3:03 in all: 4 mex · 2 tidal · 1 wind

    The example game in this phase · 7 steps
    1. Tidal ×8for Suicide front
    2. Tidal ×2
    3. PolybolosPolybolos
    4. Wind
    5. Energy storage
    6. Mex ×4
    7. Legion Bot LabLegion Bot Labdone 3:25 · typical 3:20
  2. 2

    Legion Bot Lab to 5:00

    Economy
    • Wind Turbine4Wind
    Builders
    • Construction Turret1 Con turret
    • Legion Construction Bot4 Legion Construction Bot

    Some games also: Zagreus (41%) · energy storage (35%)

    By 5:00 in all: 4 mex · 9 wind · 2 tidal · 1 energy storage · 1 con turret

    The example game in this phase · 6 steps
    1. Legion Construction BotLegion Construction Bot
    2. Overcharged Metal Extractor
    3. Con turret
    4. Overcharged Metal Extractor
    5. Wind ×3
    6. Overcharged Metal Extractor
  3. 3

    5:00 to 10:00

    Economy
    • Wind Turbine49Wind
    • Energy Converter8Converter
    Order
    1. Legion Bot LabEat Legion Bot Lab in 53% of games
    Builders
    • Construction Turret2 Con turret
    • Legion Construction Bot3 Legion Construction Bot

    Some games also: Pharos (35%)

    By 10:00 in all: 4 mex · 51 wind · 2 tidal · 9 converter · 1 energy storage · 2 con turret

    The example game in this phase · 229 steps
    1. Wind ×3
    2. Overcharged Metal Extractor
    3. Legion Construction BotLegion Construction Bot ×2
    4. Wind ×3
    5. Con turret ×2
    6. Wind ×4
    7. Con turret
    8. Wind ×2
    9. Converter
    10. Wind
    11. Converter
    12. ZagreusZagreus
    13. Wind
    14. Converter
    15. Wind
    16. Converter
    17. Con turret
    18. Wind
    19. Converter
    20. Wind ×3
    21. Converter
    22. Wind ×2
    23. Converter
    24. Wind ×2
    25. Converter
    26. Wind ×2
    27. Con turret
    28. Wind ×4
    29. Con turret
    30. Wind ×8
    31. Advanced Metal ExtractorT2 mexdone 8:31 · typical 9:32
    32. Wind ×2
    33. Legion Bot LabEat Legion Bot Labreclaimed for its metal
    34. Wind ×2
    35. Advanced Metal ExtractorT2 mex
    36. Wind ×2
    37. Advanced Metal ExtractorT2 mex
    38. Wind ×5
    39. HiveHive
    40. Wind ×2
    41. Advanced Metal ExtractorT2 mex
    42. Wind ×2
    43. Legion Vehicle PlantLegion Vehicle Plantdone 9:40
    44. Wind ×4
    45. OtterOtter
    46. Legion DroneLegion Drone ×3
    47. Wind ×2
    48. Advanced Vehicle PlantAdvanced Vehicle Plantdone 10:45
    49. Wind
    50. Legion DroneLegion Drone
    51. Wind
    52. HiveHive
    53. Legion Vehicle PlantEat Legion Vehicle Plantreclaimed for its metal
    54. Wind ×2
    55. Legion DroneLegion Drone
    56. Wind ×2
    57. Legion DroneLegion Drone
    58. Wind ×3
    59. Converter
    60. Wind ×2
    61. Legion DroneLegion Drone ×3
    62. Wind
    63. Legion DroneLegion Drone
    64. Wind ×3
    65. PhemeMobile radar
    66. Legion DroneLegion Drone
    67. Wind
    68. Converter
    69. Con turret
    70. CiceroRadar jammer
    71. Wind ×2
    72. Legion DroneLegion Drone
    73. MantisTransportdone 11:09
    74. Wind ×2
    75. Converter
    76. Wind
    77. Legion DroneLegion Drone
    78. Wind
    79. Legion DroneLegion Drone
    80. MantisTransport
    81. Legion DroneLegion Drone
    82. Wind
    83. Legion DroneLegion Drone
    84. Wind
    85. Converter
    86. Legion DroneLegion Drone ×2
    87. MantisTransport
    88. Legion DroneLegion Drone
    89. Wind
    90. Legion DroneLegion Drone
    91. Converter
    92. Legion DroneLegion Drone
    93. Wind ×2
    94. Legion DroneLegion Drone ×2
    95. MantisTransport
    96. Legion DroneLegion Drone ×2
    97. Wind
    98. Converter
    99. Legion DroneLegion Drone
    100. Wind
    101. Legion DroneLegion Drone
    102. Wind
    103. Converter
    104. Legion DroneLegion Drone ×4
    105. MantisTransport
    106. Wind
    107. Legion DroneLegion Drone
    108. Wind ×2
    109. Legion DroneLegion Drone ×2
    110. Converter
    111. Legion DroneLegion Drone ×2
    112. MantisTransport
    113. Legion DroneLegion Drone
    114. Wind ×3
    115. Legion DroneLegion Drone
    116. Wind
    117. Converter
    118. Legion DroneLegion Drone
    119. Wind
    120. Legion DroneLegion Drone
    121. Wind
    122. Legion DroneLegion Drone
    123. MantisTransport
    124. Legion DroneLegion Drone
    125. Wind
    126. Legion DroneLegion Drone
    127. Converter
    128. Legion DroneLegion Drone
    129. Wind ×3
    130. Legion DroneLegion Drone ×4
    131. MantisTransport
    132. Legion DroneLegion Drone ×2
    133. Wind ×2
    134. Converter
    135. Wind
    136. Legion DroneLegion Drone ×3
    137. Wind ×2
    138. Legion DroneLegion Drone ×3
    139. GladiatorGladiatordone 13:02
    140. Wind
    141. Legion DroneLegion Drone
    142. Wind
    143. Legion DroneLegion Drone
    144. Wind
    145. Legion DroneLegion Drone
    146. Converter
    147. Legion DroneLegion Drone ×2
    148. Wind
    149. Legion DroneLegion Drone
    150. Wind
    151. Legion DroneLegion Drone
    152. GladiatorGladiator
    153. Legion DroneLegion Drone
    154. Wind ×2
    155. Legion DroneLegion Drone
    156. Converter
    157. Wind ×2
    158. Legion DroneLegion Drone ×2
    159. Wind
    160. Legion DroneLegion Drone
    161. Wind
    162. Converter
    163. GladiatorGladiator
    164. Wind ×2
    165. Legion DroneLegion Drone ×2
    166. Wind
    167. Legion DroneLegion Drone
    168. Wind ×2
    169. GladiatorGladiator
    170. Legion DroneLegion Drone
    171. MantisTransport
    172. Wind ×2
    173. Legion DroneLegion Drone
    174. Wind
    175. MantisTransport
    176. Legion DroneLegion Drone ×3
    177. Wind
    178. Con turret
    179. Legion DroneLegion Drone
    180. Wind ×2
    181. Legion DroneLegion Drone
    182. Con turret
    183. Legion DroneLegion Drone ×2
    184. Legion Bot LabLegion Bot Labdone 14:20
    185. Legion DroneLegion Drone
    186. PhemeMobile radar
    187. Legion DroneLegion Drone
    188. Wind
    189. Legion DroneLegion Drone ×2
    190. Wind
    191. Converter
    192. CiceroRadar jammer
    193. Legion DroneLegion Drone ×2
    194. ZagreusZagreus
    195. Legion DroneLegion Drone
    196. Wind
    197. Legion DroneLegion Drone ×3
    198. Converter
    199. MantisTransport
    200. ZagreusZagreus
    201. Legion DroneLegion Drone ×2
    202. Wind
    203. Legion DroneLegion Drone ×2
    204. Converter
    205. Legion DroneLegion Drone
    206. Wind
    207. Legion DroneLegion Drone
    208. ZagreusZagreus
    209. MantisTransport
    210. Legion DroneLegion Drone
    211. Wind
    212. Legion DroneLegion Drone
    213. Converter
    214. ZagreusZagreus
    215. Wind
    216. Legion DroneLegion Drone ×3
    217. Wind
    218. MantisTransport
    219. Legion DroneLegion Drone
    220. ZagreusZagreus
    221. Legion DroneLegion Drone
    222. Wind
    223. Converter
    224. Legion DroneLegion Drone
    225. Wind
    226. Legion DroneLegion Drone ×3
    227. CharonFlaknot finished by 15:00
    228. Legion DroneLegion Drone
    229. Wind

Counts are medians over the build's games: half of them build more, half fewer. The example game is Yamato's (33 OS, 16/08/2026); pick another.

Team trades

IN AT LEAST 30% OF ITS GAMES

You hand over

  • Tidal Generator8 Tidal to Suicide front or Frontfirst at 0:11 · in 94% of games

You get

  • Advanced Construction Bot1 T2 con bot from Tech or Geofirst at 7:53 · in 88% of games

How it plays out

Typical game of this build, running totals by minute

Metal produced

010k20k
0:005:0010:0015:00

metal

Enemy metal destroyed

02k4k6k
0:005:0010:0015:00

metal

Own metal lost

01k2k3k
0:005:0010:0015:00

metal

17 games.

Show as table
ByMetal produced: This buildEnemy metal destroyed: This buildOwn metal lost: This build
1:0011500
2:0027400
3:0078100
4:00145300
5:00212500
6:00313300
7:00423200
8:005327400
9:00666119030
10:008115378140
11:0010062648200
12:00123531015720
13:001508617201260
14:001732229281815
15:001949742432740
WHAT THE NUMBERS SAY

Standard pond play with the best win rate shown, built on heavy tidal boosting for front.

  • + Team won 71% of games, highest win rate among all standard builds shown.
  • − Produces the least metal of any role's standard build by 10:00 (7958).
THE EXAMPLE YOU ARE READING

Yamato

32.5 OS · 16/08/2026

Open source match ↗

1 received units · includes a constructor
1704 metal received · 86277 energy received

Allied construction assistance is unknown. Timings are observations, not a promise of solo reproducibility.

Typical milestones

Legion Bot Lab3:20Middle 50%: 3:03–3:29 · n=16
Advanced Metal Extractor9:32Middle 50%: 8:06–9:44 · n=14

Played most by

Yamato4games of this buildBoozha3games of this buildViltrum3games of this buildKurosul2games of this buildDrSmack1game of this build